 Dungeon Crawl Stone Soup version 0.31-a0-1570-g93c622d222 (webtiles) character file.

Game seed: 10766614961015321469

708 Flugslaktarn the Toxicologist (level 7, -3/41 HPs)
             Began as an Octopode Alchemist on Jan 3, 2024.
             Was an Initiate of Ashenzari.
             Slain by a phantom (5 damage)
             ... on level 6 of the Dungeon.
             The game lasted 00:03:56 (1769 turns).

Flugslaktarn the Toxicologist (Octopode Alchemist)  Turns: 1769, Time: 00:03:57

Health: -3/41      AC:  1    Str:  6 (7)  XL:     7   Next: 67%
Magic:  12/14      EV: 13    Int: 18 (20) God:    Ashenzari [......]
Gold:   134        SH:  0    Dex: 10 (12) Spells: 10/15 levels left

rFire   . . .        n - +2 whip (drain)
rCold   + + .        (no shield)
rNeg    . . .        (helmet restricted)
rPois   .            (no amulet)
rElec   .            c - ring of protection from cold
rCorr   .            g - ring of protection from cold
SInv    .            (no ring)
Will    .....        (no ring)
Stlth   +++          (no ring)
HPRegen 0.26/turn    (no ring)
MPRegen 0.14/turn    (no ring)
                     (no ring)

%: no passive effects
@: no status effects
A: almost no armour, amphibious, 8 rings, camouflage 1, gelatinous body 1,
(nimble swimmer 1), tentacles
a: Renounce Religion


You were on level 6 of the Dungeon.
You worshipped Ashenzari.
Ashenzari was noncommittal.
You visited 2 branches of the dungeon, and saw 7 of its levels.

You collected 134 gold pieces.

Inventory:

Hand Weapons
 i - a +0 short sword of freezing
   (You took it off an orc on level 4 of the Dungeon)
 k - a +0 rapier
   (You found it on level 5 of the Dungeon)
 n - a +2 whip of draining (weapon)
   (You took it off an orc on level 5 of the Dungeon)
Jewellery
 c - a ring of protection from cold (left tentacle)
   (You found it on level 4 of the Dungeon)
 g - a ring of protection from cold (right tentacle)
   (You found it on level 5 of the Dungeon)
Talismans
 e - a serpent talisman
   (You found it on level 2 of the Dungeon)
 o - a blade talisman
   (You found it on level 5 of the Dungeon)
Scrolls
 b - a scroll of torment
 d - 2 scrolls of fear {unknown}
 f - a scroll of fog {unknown}
 j - a scroll of vulnerability {unknown}
 l - a scroll of revelation {unknown}
 m - a scroll of acquirement
 r - a scroll of identify
Potions
 a - a potion of magic


   Skills:
 - Level 2.0 Dodging
 - Level 2.6 Stealth
 + Level 4.7 Spellcasting
 - Level 1.0 Conjurations
 * Level 8.0 Alchemy


You had 10 spell levels left.
You knew the following spells:

 Your Spells              Type           Power      Damage    Failure   Level
a - Sting                 Conj/Alch      80%        1d8       2%          1
b - Olgreb's Toxic Radia  Alch           33%        N/A       4%          4

Your spell library contained the following spells:

 Spells                   Type           Power      Damage    Failure   Level
 Mercury Vapours          Alch/Air       36%        N/A       4%          2
 Mephitic Cloud           Conj/Alch/Air  15%        N/A       12%         3
 Jinxbite                 Hex            8%         N/A       21%         2
 Sticky Flame             Fire/Alch      18%        2d6       26%         4
 Yara's Violent Unravell  Hex/Alch       9%         3d6       58%         5
 Enfeeble                 Hex            2%         N/A       100%        7


Dungeon Overview and Level Annotations

Branches:
Dungeon (6/15)             Temple (1/1) D:5

Altars:
Ashenzari
Dithmenos
Fedhas
Makhleb
Nemelex Xobeh
Okawaru
Qazlal
Trog
Xom
Yredelemnul
The Shining One


Innate Abilities, Weirdness & Mutations

You cannot wear most types of armour.
You are amphibious.
You can wear up to eight rings at the same time.
Your skin changes colour to match your surroundings (Stealth+).
Your rubbery body absorbs attacks. (AC +1, EV +1)
((You are camouflaged when in or above water. (Stealth+)))
You have tentacles for arms and can constrict up to eight enemies at once.


Message History

Aiming: Sting (safe; 1% risk of failure)
Press: ? - help, Shift-Dir - straight line, f/p - orc
Aim: an orc, wielding a +0 hand axe (almost dead, poisoned, 76% to hit)
The sting misses the orc.
You kill the orc!
An orc comes into view. It is wielding a +0 short sword.
An orc is nearby!
Unknown command.
Found a stone staircase leading down.
Found a stone staircase leading down.
The orc shouts!
You hear a shout!
An orc comes into view. It is wielding a +0 trident.
Casting: Sting (safe; 1% risk of failure)
Confirm with . or Enter, or press ? or * to list all spells.
Aiming: Sting (safe; 1% risk of failure)
Press: ? - help, Shift-Dir - straight line, f - orc
Aim: an orc, wielding a +0 short sword and wearing a +0 leather armour (76% to hit)
The sting misses the orc.
The orc shouts!
You hear a shout! x2
Casting: Sting (safe; 1% risk of failure)
Confirm with . or Enter, or press ? or * to list all spells.
Aiming: Sting (safe; 1% risk of failure)
Press: ? - help, Shift-Dir - straight line, f/p - orc
Aim: an orc, wielding a +0 short sword and wearing a +0 leather armour (76% to hit)
The sting hits the orc.
The orc is poisoned.
The orc is heavily wounded.
An orc comes into view. It is wielding a +0 war axe.
An orc comes into view. It is wielding a +0 short sword.
You kill the orc!
Casting: Sting (safe; 1% risk of failure)
Confirm with . or Enter, or press ? or * to list all spells.
Aiming: Sting (safe; 1% risk of failure)
Press: ? - help, Shift-Dir - straight line, f - orc
Aim: an orc, wielding a +0 trident and wearing a +0 chain mail (82% to hit)
The sting misses the orc.
An orc wizard comes into view. It is wielding a +0 dagger.
The orc attacks as it pursues you! The orc misses you.
Casting: Sting (safe; 1% risk of failure)
Confirm with . or Enter, or press ? or * to list all spells.
You begin to radiate toxic energy.
The orc is poisoned. x2
The orc wizard is poisoned.
The orc is poisoned.
The orc wizard looks even sicker.
The orc looks even sicker.
The orc closely misses you.
Unknown command.
You kill the orc! x2
You kill the orc!
The orc wizard looks even sicker.
Your toxic aura wanes.
The orc wizard points at you and mumbles some strange words.
You are confused.
You're too confused to move!
You kill the orc wizard!
Your Alchemy skill increases to level 8!
You're too confused to move!
You feel less confused.
A phantom comes into view.
Unknown command.
Okay, then.
A bombardier beetle comes into view.
The bombardier beetle moves out of view.
An iguana comes into view.
Okay, then.
Okay, then.
As you read the scroll labelled UCLOEM ULINU, it crumbles to dust.
It is a scroll of identify.
b - a scroll of torment;
r - 2 scrolls of identify
As you read the scroll of identify, it crumbles to dust.
m - a scroll of acquirement You barely miss the phantom.
The phantom closely misses you.
You miss the phantom. Your squeeze misses the phantom. The phantom hits you.
You hit the phantom. Your squeeze misses the phantom.
The phantom is lightly damaged.
The phantom hits you.
The phantom blinks!
You blink.
You hit the phantom. Your squeeze misses the phantom.
The phantom is moderately damaged.
The phantom hits you!
You hit the phantom.
The phantom is moderately damaged.
The phantom hits you.
You hit the phantom. Your squeeze misses the phantom.
The phantom is heavily damaged.
The phantom closely misses you.
You closely miss the phantom.
The phantom is heavily damaged.
The phantom hits you!
The phantom blinks!
You blink.
The phantom hits you.
* * * LOW HITPOINT WARNING * * *
You miss the phantom.
The phantom is heavily damaged.
The phantom hits you!
* * * LOW HITPOINT WARNING * * *
The phantom blinks!
You blink.
An orc comes into view. It is wielding a +0 dagger.
Okay, then.
Okay, then.
It was a potion of degeneration.
There was something very wrong with that liquid.
You feel weakened.
You feel dopey.
You feel clumsy.
An orc comes into view. It is wielding a +0 flail.
The phantom hits you.
You die...

###..........#..##...
##..##.............
###.###....§........
#...###...§.............
###...............##......
..####............##.....l
....#............##......
..................#..#.##
...#...........W@.......#
#.##...<.#......#.......#
#.....†###..##......o#..
##...............)...#
#..##...............## #.
##..##........#.......#...
..............##......#......#
.....##..##..B...####.o......#.
....#######.........#..........


You could see a phantom, a bombardier beetle (wandering) and 2 orcs.

Vanquished Creatures
  A black bear (D:5)
  An ogre (D:5)
  Blork the orc (D:5)
  2 bombardier beetles (D:5)
  A hound (D:5)
  A jelly (D:4)
  3 orc priests
  3 iguanas
  4 orc wizards
  2 adders
  A dart slug (D:2)
  A ribbon worm (D:3)
  20 orcs
  2 ball pythons
  A bat (D:1)
  An endoplasm (D:3)
  A giant cockroach (D:2)
  7 goblins
  A quokka (D:3)
  A frilled lizard (D:3)
  A kobold (D:4)
  2 rats
58 creatures vanquished.

Notes
Turn   | Place    | Note
-------+----------+-------------------------------------------
     0 | D:1      | Flugslaktarn the Octopode Alchemist began the quest for the
                  | Orb.
     0 | D:1      | Reached XP level 1. HP: 11/11 MP: 3/3
   100 | D:2      | Reached XP level 2. HP: 12/17 MP: 1/5
   143 | D:2      | Reached skill level 4 in Alchemy
   306 | D:3      | Reached XP level 3. HP: 14/21 MP: 3/6
   376 | D:3      | Noticed a black bear
   465 | D:4      | Reached XP level 4. HP: 3/27 MP: 0/8
   563 | D:4      | Found a blossoming altar of Fedhas.
   779 | D:4      | Reached skill level 5 in Alchemy
  1022 | D:4      | Learned a level 4 spell: Olgreb's Toxic Radiance
  1082 | D:5      | Entered Level 5 of the Dungeon
  1120 | D:5      | Reached XP level 5. HP: 31/31 MP: 4/9
  1174 | D:5      | Reached skill level 6 in Alchemy
  1178 | D:5      | Reached XP level 6. HP: 24/36 MP: 1/11
  1297 | D:5      | Found a staircase to the Ecumenical Temple.
  1300 | D:5      | Noticed a black bear
  1311 | D:5      | Killed a black bear
  1312 | D:5      | Reached skill level 7 in Alchemy
  1312 | D:5      | Reached XP level 7. HP: 39/41 MP: 0/13
  1376 | Temple   | Entered the Ecumenical Temple
  1383 | Temple   | Became a worshipper of Ashenzari the Shackled
  1522 | D:5      | Found an iron altar of Okawaru.
  1591 | D:5      | Noticed Blork the orc
  1601 | D:5      | Killed Blork the orc
  1734 | D:6      | Reached skill level 8 in Alchemy
  1760 | D:6      | Identified a scroll of acquirement
  1768 | D:6      | HP: 2/41 [phantom (7)]
  1769 | D:6      | Slain by a phantom

Illustrated notes

Levels and vault maps discovered:
D:1:      dpeg_arrival_simpleton_b, layout_basic,
          hellmonk_ecumenical_altar_pennies_from_heaven, dk_noncrumbling_4
D:2:      layout_rooms, chequers_serial_rivers_micro_d, minmay_cut_off
D:3:      layout_basic, mainiacjoe_overflow_catwalk,
          mainiacjoe_overflow_24_doors, nicolae_concentric_dashed_squares_mild,
          kennysheep_cross_bottleneck
D:4:      layout_gridville, fedhas_altar_2, minmay_distorted
D:5:      layout_rooms, okawaru_gym_becter, minmay_temple_entry_statues_pillars,
          uniq_blork_the_orc
D:6:      layout_cave_pools, pdpol_temple_overflow_zin_treasury_gozag_greed,
          palyth_temple_overflow_mages, kennysheep_mini, ebering_ghost_xom,
          hangedman_decor_push, uniq_maggie
Temple:   nicolae_temple_cloud_nine

Skill      XL: |  1  2  3  4  5  6  7 |
---------------+----------------------+-----
Alchemy        | 4 5 6 7 8 |  8.0
Spellcasting   | 3 4 |  4.7
Dodging        | |  2.0
Stealth        | |  2.6
Conjurations   | |  1.0

Action                     |  1- 3 |  4- 6 |  7- 9 || total
---------------------------+-------+-------+-------++-------
  Melee: Unarmed           |     7 |       |       ||     7
         Dagger            |    18 |    13 |       ||    31
         Constrict         |     6 |     6 |     3 ||    15
         Tentacles         |     5 |     5 |     3 ||    13
         Short sword       |       |     4 |    12 ||    16
         Whip              |       |       |     9 ||     9
   Cast: Sting             |    29 |    34 |    11 ||    74
         Olgreb's Toxic Ra |       |     5 |     4 ||     9
    Use: Potion            |       |       |     3 ||     3
         Scroll            |       |       |     2 ||     2
 Armour: Skin              |    14 |    16 |    16 ||    46
  Dodge: Dodged            |    23 |    26 |    11 ||    60

Table legend: (Time is in decaauts)
 A = Elapsed time spent in this place.
 B = Non-inter-level travel time spent in this place.
 C = Inter-level travel time spent in this place.
 D = Time resting spent in this place.
 E = Time spent auto-exploring this place.
 F = Levels seen in this place.
 G = Mean time per level.
                   A        B        C        D        E       F      G
               +--------+--------+--------+--------+--------+-----+--------+
         Total |   1768 |   1605 |    163 |     63 |    808 |   7 |  252.6 |
       Dungeon |   1754 |   1591 |    163 |     63 |    808 |   6 |  292.3 |
        Temple |     14 |     14 |      0 |      0 |      0 |   1 |   14.0 |
               +--------+--------+--------+--------+--------+-----+--------+

Top non-repeatable levels by time:
     D:4: 693 daAuts
     D:5: 475 daAuts
     D:3: 246 daAuts
     D:6: 132 daAuts
     D:2: 114 daAuts
     D:1: 91 daAuts
  Temple: 14 daAuts
